[Event "56th Biel Festival MTO 2023"]
[White "Ludwig,Peter"]
[Black "Licznerski,Lukasz"]
[Site "Biel"]
[Round "1.26"]
[Annotator "ChessBase"]
[Result "0-1"]
[Date "2023.07.18"]
[WhiteElo "2147"]
[BlackElo "2430"]
[PlyCount "108"]
[TimeControl "60"]

1. Nf3 d5 2. c4 d4 3. g3 Nc6 4. Bg2 e5 5. d3 Bc5 6. O-O a5 7. e3 dxe3 8. Bxe3 Bxe3 9. fxe3 e4 10. dxe4 Qxd1 11. Rxd1 Bg4 12. Nc3 Bxf3 13. Bxf3 Ne5 14. Be2 c6 15. c5 Nf6 16. Rd4 h5 17. h3 h4 18. g4 Nh7 19. Kg2 Ng5 20. Na4 Ne6 21. Rd6 Rd8 22. Rxd8+ Kxd8 23. a3 Ke7 24. Rd1 Nd7 25. b4 axb4 26. axb4 Ng5 27. Rd4 Nf6 28. Nb6 Ngxe4 29. Bd3 Rd8 30. Rxe4+ Nxe4 31. Bxe4 Rd2+ 32. Kf3 Rb2 33. Nc8+ Kf6 34. Nd6 Rxb4 35. Bf5 g6 36. Bc8 b6 37. Bd7 bxc5 38. Bxc6 Rb6 39. Ne4+ Ke5 40. Be8 c4 41. Nc3 Rb3 42. Ne2 Rb8 43. Bc6 g5 44. Be4 Kd6 45. Nd4 Kc5 46. Bc2 Ra8 47. Ke2 Kb4 48. Kd2 Ra1 49. Nc6+ Kb5 50. Ne5 f6 51. Nd7 Rh1 52. Nxf6 Rxh3 53. e4 Rh2+ 54. Kc3 h3 0-1

[Event "56th Biel Festival MTO 2023"]
[White "Rohith Krishna S"]
[Black "Jaksland,Tim"]
[Site "Biel"]
[Round "1.27"]
[Annotator "ChessBase"]
[Result "1-0"]
[Date "2023.07.18"]
[WhiteElo "2429"]
[BlackElo "2136"]
[PlyCount "43"]
[TimeControl "60"]

1. d4 Nf6 2. c4 c5 3. d5 b5 4. cxb5 a6 5. bxa6 e6 6. Nc3 exd5 7. Nxd5 Be7 8. e4 Nxe4 9. Qg4 Ng5 10. Bxg5 Bxg5 11. Nf3 Bh6 12. Qe4+ Kf8 13. Bc4 Bxa6 14. O-O Nc6 15. Rfe1 Bxc4 16. Qxc4 Qa5 17. Rad1 Re8 18. Rxe8+ Kxe8 19. Qe4+ Kf8 20. Ne5 Qd8 21. Nb6 Nxe5 22. Qxe5 1-0

[Event "56th Biel Festival MTO 2023"]
[White "Misiano,Franco"]
[Black "Vantika Agrawal"]
[Site "Biel"]
[Round "1.28"]
[Annotator "ChessBase"]
[Result "0-1"]
[Date "2023.07.18"]
[WhiteElo "2133"]
[BlackElo "2428"]
[PlyCount "104"]
[TimeControl "60"]

1. e4 c5 2. Nf3 d6 3. d4 cxd4 4. Nxd4 Nf6 5. Nc3 a6 6. Bg5 e6 7. f4 Qb6 8. Qd2 Qxb2 9. Rb1 Qa3 10. f5 Nc6 11. fxe6 Bxe6 12. Rxb7 Nxd4 13. Qxd4 Be7 14. Bc4 Rc8 15. Bxe6 fxe6 16. Bd2 Qc5 17. Qxc5 Rxc5 18. O-O Rf8 19. h3 Nd7 20. Rxf8+ Nxf8 21. Kf1 Bf6 22. Rb3 Nd7 23. Ke2 Rc4 24. Kd1 Nc5 25. Ra3 Kd7 26. Nb1 Rxe4 27. Be3 Bd4 28. Bxd4 Rxd4+ 29. Ke2 Re4+ 30. Kd2 Rb4 31. Nc3 d5 32. Ne2 e5 33. Nc1 Ra4 34. Rxa4 Nxa4 35. Ne2 Kd6 36. Ng3 g6 37. Nf1 d4 38. Nh2 Nc3 39. Nf3 Nxa2 40. Ng5 h5 41. Ne4+ Kd5 42. Nf6+ Ke6 43. Ne4 a5 44. g4 hxg4 45. hxg4 Nc3 46. Nc5+ Kd5 47. Nd7 e4 48. Nf8 e3+ 49. Kd3 e2 50. Kd2 a4 51. Nxg6 a3 52. Nf4+ Kd6 0-1

[Event "56th Biel Festival MTO 2023"]
[White "Huang,Qian"]
[Black "Collin,Moritz Valentin"]
[Site "Biel"]
[Round "1.29"]
[Annotator "ChessBase"]
[Result "1-0"]
[Date "2023.07.18"]
[WhiteElo "2422"]
[BlackElo "2132"]
[PlyCount "145"]
[TimeControl "60"]

1. c4 e5 2. g3 Nf6 3. Nc3 d5 4. cxd5 Nxd5 5. Bg2 Nxc3 6. bxc3 Nc6 7. d3 Bc5 8. Nf3 O-O 9. O-O Rb8 10. Bb2 Bg4 11. h3 Bh5 12. Qa4 Re8 13. Rad1 Bb6 14. Rfe1 Qf6 15. Qh4 Qxh4 16. Nxh4 f6 17. Nf5 Ne7 18. Ne3 Bf7 19. a4 c6 20. Rb1 Red8 21. Rec1 Nd5 22. Nc4 Bc7 23. Ra1 a5 24. Rcb1 h5 25. Bf1 h4 26. e4 Ne7 27. Ba3 Nc8 28. gxh4 b5 29. axb5 cxb5 30. Ne3 Na7 31. Bc5 Nc6 32. Nf5 Rd7 33. Rb2 Be8 34. Rab1 g6 35. Ne3 Rh7 36. Nd5 Bd8 37. Rxb5 Rxb5 38. Rxb5 Rxh4 39. Bb6 Bxb6 40. Rxb6 Kf7 41. Rb7+ Ke6 42. Nc7+ Kd7 43. Nxe8+ Kxe8 44. d4 Nd8 45. Bb5+ Kf8 46. Rb8 Ke7 47. d5 Nf7 48. c4 Nd6 49. f3 f5 50. c5 fxe4 51. cxd6+ Kxd6 52. fxe4 Rxe4 53. Rd8+ Kc5 54. Be8 Rd4 55. Bxg6 Rxd5 56. Ra8 Kb4 57. Kf2 Rd6 58. Be8 Rh6 59. Bd7 Rh7 60. Ra7 Kc3 61. Ke3 a4 62. Ke4 Kb2 63. Rxa4 Rxd7 64. Kxe5 Kc3 65. h4 Rd1 66. Kf5 Kd3 67. h5 Ke3 68. Rh4 Rf1+ 69. Ke5 Ra1 70. h6 Ra5+ 71. Kf6 Ra6+ 72. Kg5 Kf3 73. h7 1-0

[Event "56th Biel Festival MTO 2023"]
[White "Giacomini,Hector"]
[Black "Wessman,Richard"]
[Site "Biel"]
[Round "1.30"]
[Annotator "ChessBase"]
[Result "0-1"]
[Date "2023.07.18"]
[WhiteElo "2126"]
[BlackElo "2410"]
[PlyCount "78"]
[TimeControl "60"]

1. Nf3 Nf6 2. e3 d5 3. d4 Bg4 4. Be2 c6 5. O-O e6 6. Nbd2 Nbd7 7. c4 Bd6 8. c5 Bc7 9. b4 O-O 10. h3 Bh5 11. Bb2 Qe7 12. a4 Bxf3 13. Nxf3 Ne4 14. b5 f5 15. a5 cxb5 16. Bxb5 a6 17. Be2 Nb8 18. Nd2 Nc6 19. Nxe4 fxe4 20. Bc3 Rf7 21. Qd2 Raf8 22. Rab1 Bb8 23. Bg4 g6 24. f4 exf3 25. Rxf3 h5 26. Rxb7 Qxb7 27. Bxe6 Qb1+ 28. Kf2 Qe4 29. Bxf7+ Rxf7 30. Rxf7 Kxf7 31. Qb2 Bh2 32. Qe2 Qf5+ 33. Qf3 Bc7 34. e4 dxe4 35. Qxf5+ gxf5 36. d5 Nxa5 37. d6 Bd8 38. Ke3 Bg5+ 39. Ke2 Nc6 0-1

[Event "56th Biel Festival MTO 2023"]
[White "Jinan Jomon"]
[Black "Gemelli,Romain"]
[Site "Biel"]
[Round "1.31"]
[Annotator "ChessBase"]
[Result "1-0"]
[Date "2023.07.18"]
[WhiteElo "2409"]
[BlackElo "2122"]
[PlyCount "59"]
[TimeControl "60"]

1. c4 Nf6 2. Nf3 e6 3. Nc3 d5 4. e3 Be7 5. b3 O-O 6. Bb2 c5 7. cxd5 Nxd5 8. Qc2 Nc6 9. a3 b6 10. Nxd5 exd5 11. d4 Be6 12. Ba6 Qd7 13. O-O Bg4 14. Ne5 Nxe5 15. dxe5 Bf5 16. Qe2 Qc6 17. Rad1 Rab8 18. Bb5 Qg6 19. Rd2 Rfd8 20. Rfd1 d4 21. exd4 Bg5 22. Rd3 Bxd3 23. Bxd3 Qh6 24. d5 Rxd5 25. Bxh7+ Qxh7 26. Rxd5 Re8 27. g3 Qh3 28. Qd3 Qg4 29. Kg2 Qc8 30. e6 1-0

[Event "56th Biel Festival MTO 2023"]
[White "Adam,Rafael"]
[Black "Harikrishnan.A.Ra"]
[Site "Biel"]
[Round "1.32"]
[Annotator "ChessBase"]
[Result "0-1"]
[Date "2023.07.18"]
[WhiteElo "2117"]
[BlackElo "2406"]
[PlyCount "64"]
[TimeControl "60"]

1. Nf3 d5 2. g3 Nf6 3. Bg2 c6 4. c4 dxc4 5. O-O Nbd7 6. Qc2 Nb6 7. Rd1 g6 8. d3 cxd3 9. Rxd3 Nbd7 10. Nc3 Bg7 11. e4 Qc7 12. Bf4 Qa5 13. Rad1 e5 14. b4 Qxb4 15. Nxe5 O-O 16. Nxd7 Nxd7 17. Bd6 Qa5 18. Bxf8 Nxf8 19. Na4 Ne6 20. Rc1 Bf8 21. Nc3 Nc5 22. Rdd1 Be6 23. e5 Bg4 24. Re1 Rd8 25. Bf1 Ne6 26. Qa4 Qxa4 27. Nxa4 Nd4 28. Re3 Nf3+ 29. Kg2 Bh6 30. Rcc3 Bxe3 31. Rxe3 Ng5 32. Nc5 Bh3+ 0-1

[Event "56th Biel Festival MTO 2023"]
[White "Shlyakhtenko,Robert"]
[Black "Vincenti,Leonardo"]
[Site "Biel"]
[Round "1.33"]
[Annotator "ChessBase"]
[Result "1/2-1/2"]
[Date "2023.07.18"]
[WhiteElo "2401"]
[BlackElo "2117"]
[PlyCount "89"]
[TimeControl "60"]

1. c4 e5 2. Nc3 Bb4 3. Nd5 Be7 4. d4 exd4 5. Qxd4 Nf6 6. Nxe7 Qxe7 7. Nf3 Nc6 8. Qc3 d6 9. Bg5 Rg8 10. g3 h6 11. Bxf6 Qxf6 12. Qxf6 gxf6 13. O-O-O Ne5 14. Nxe5 fxe5 15. Bg2 Rb8 16. Rhf1 Be6 17. b3 Ke7 18. f4 f6 19. Bf3 Bg4 20. Kd2 c6 21. Ke3 Bxf3 22. Rxf3 Rbf8 23. fxe5 fxe5 24. Rdf1 d5 25. cxd5 cxd5 26. Rf5 Rxf5 27. Rxf5 Ke6 28. Rh5 Rg6 29. Kd3 b5 30. e3 a5 31. a3 Rf6 32. h3 Rg6 33. g4 Rf6 34. b4 axb4 35. axb4 Rg6 36. Kd2 Rf6 37. Ke2 Kd6 38. Kd3 Ke6 39. Kd2 Rg6 40. Rf5 Rf6 41. Rh5 Rf2+ 42. Kd3 Rf6 43. Ke2 Kd6 44. Kd3 Ke6 45. Ke2 1/2-1/2

[Event "56th Biel Festival MTO 2023"]
[White "Matta,Vinay Kumar"]
[Black "Morawietz,Dieter"]
[Site "Biel"]
[Round "1.34"]
[Annotator "ChessBase"]
[Result "1/2-1/2"]
[Date "2023.07.18"]
[WhiteElo "2111"]
[BlackElo "2396"]
[PlyCount "76"]
[TimeControl "60"]

1. e4 e6 2. d4 d5 3. Nc3 Bb4 4. e5 c5 5. a3 Bxc3+ 6. bxc3 Nc6 7. Qg4 g6 8. Nf3 h6 9. h4 Qa5 10. Bd2 c4 11. Be2 Bd7 12. Qf4 Rh7 13. O-O O-O-O 14. Rfb1 Kb8 15. a4 Nce7 16. Rb4 Ka8 17. Be1 Rf8 18. Qc1 Nc6 19. Rb5 Qd8 20. Qa3 f6 21. Rab1 Bc8 22. Bd2 g5 23. exf6 Nxf6 24. hxg5 hxg5 25. Nxg5 Rg7 26. Bf3 Rfg8 27. Qc1 e5 28. dxe5 Nxe5 29. Be3 Nxf3+ 30. gxf3 Nh7 31. f4 Nxg5 32. fxg5 Rxg5+ 33. Bxg5 Rxg5+ 34. Kf1 Bh3+ 35. Ke2 Re5+ 36. Qe3 Rxe3+ 37. fxe3 Qg5 38. Kd2 Qg2+ 1/2-1/2

[Event "56th Biel Festival MTO 2023"]
[White "Ajay Krishna,S."]
[Black "Ehsani,Yassamin"]
[Site "Biel"]
[Round "1.35"]
[Annotator "ChessBase"]
[Result "1-0"]
[Date "2023.07.18"]
[WhiteElo "2390"]
[BlackElo "2106"]
[PlyCount "81"]
[TimeControl "60"]

1. Nf3 d5 2. d4 Nf6 3. c3 Bf5 4. Qb3 Qc8 5. c4 dxc4 6. Qxc4 Nbd7 7. Nc3 Nb6 8. Qb3 e6 9. g3 Ne4 10. Nd2 Nxc3 11. bxc3 Be7 12. a4 Nd7 13. Bg2 Rb8 14. Nc4 Nf6 15. Ba3 Bxa3 16. Qxa3 Qd7 17. Qc5 a6 18. O-O Qe7 19. Qxe7+ Kxe7 20. Na5 c6 21. f3 Rhc8 22. e4 Bg6 23. Rfb1 b6 24. Nc4 Nd7 25. Bf1 f6 26. Rb2 Bf7 27. Nd2 a5 28. Rab1 Kd6 29. Nc4+ Kc7 30. Bh3 Rd8 31. Kf2 e5 32. Ne3 Nf8 33. Rd1 c5 34. d5 Be8 35. Ra1 Ng6 36. Nc4 Bf7 37. Rab1 Nf8 38. Rxb6 Rxb6 39. Rxb6 Nd7 40. d6+ Kc8 41. Nxa5 1-0

[Event "56th Biel Festival MTO 2023"]
[White "Akshit Kumar J"]
[Black "Seul,Georg"]
[Site "Biel"]
[Round "1.36"]
[Annotator "ChessBase"]
[Result "0-1"]
[Date "2023.07.18"]
[WhiteElo "2105"]
[BlackElo "2376"]
[PlyCount "136"]
[TimeControl "60"]

1. e4 c6 2. Nc3 d5 3. Nf3 Bg4 4. h3 Bxf3 5. Qxf3 e6 6. Be2 d4 7. Nb1 Bd6 8. d3 Nd7 9. g3 Ne7 10. O-O O-O 11. Nd2 c5 12. Qg2 Nc6 13. Nf3 Rc8 14. Nh4 Be7 15. f4 Bxh4 16. gxh4 f5 17. h5 Kh8 18. Bd2 Nf6 19. Rae1 Qe8 20. Qf3 Rc7 21. Kh2 Re7 22. e5 Nd5 23. Rg1 Ncb4 24. Bd1 Nxa2 25. Rg5 Nab4 26. Reg1 Nc6 27. Qg3 Qf7 28. h6 g6 29. h4 Ree8 30. h5 Nce7 31. hxg6 hxg6 32. Bh5 Rg8 33. Bxg6 Nxg6 34. Rxg6 Rxg6 35. Qxg6 Qxg6 36. Rxg6 Re7 37. Rg3 Kh7 38. Rh3 Kg6 39. c4 dxc3 40. bxc3 Rh7 41. c4 Ne7 42. Be3 b6 43. Rg3+ Kf7 44. Rh3 Ng8 45. Kg2 Rxh6 46. Rf3 Ne7 47. d4 cxd4 48. Bxd4 Nc6 49. Bb2 Rh8 50. Ba3 Na5 51. Rd3 Nxc4 52. Rd7+ Kg6 53. Rxa7 Rd8 54. Bb4 Ne3+ 55. Kf3 Rd3 56. Ke2 Rb3 57. Be7 Nd5 58. Bg5 Rc3 59. Rd7 Rc2+ 60. Kd1 Rc8 61. Rd6 Re8 62. Ke2 b5 63. Kd3 b4 64. Kc4 Kh5 65. Bd8 Kg4 66. Bf6 Kxf4 67. Bg7 Ke4 68. Kb3 f4 0-1

[Event "56th Biel Festival MTO 2023"]
[White "Jain Kashish Manoj"]
[Black "Lorscheid,Gerhard"]
[Site "Biel"]
[Round "1.37"]
[Annotator "ChessBase"]
[Result "1-0"]
[Date "2023.07.18"]
[WhiteElo "2375"]
[BlackElo "2099"]
[PlyCount "57"]
[TimeControl "60"]

1. e4 d6 2. d4 Nf6 3. Nc3 e5 4. Nf3 Nbd7 5. Bc4 Be7 6. O-O O-O 7. Re1 c6 8. a4 h6 9. h3 Re8 10. a5 Rb8 11. d5 b5 12. axb6 Nxb6 13. Bb3 cxd5 14. exd5 a6 15. Na4 Nfd7 16. Nxb6 Nxb6 17. Be3 Qc7 18. Nd2 Qb7 19. c4 Bf5 20. Ra3 Rec8 21. Qf3 Bg6 22. Rea1 Ra8 23. Qg3 Kh7 24. Kh1 Nd7 25. Ba4 f5 26. f4 Bf6 27. Rb3 Qc7 28. Bc6 Rab8 29. Rxa6 1-0

[Event "56th Biel Festival MTO 2023"]
[White "Malli,Suvirr"]
[Black "Haimovich,Tal"]
[Site "Biel"]
[Round "1.38"]
[Annotator "ChessBase"]
[Result "1/2-1/2"]
[Date "2023.07.18"]
[WhiteElo "2094"]
[BlackElo "2374"]
[PlyCount "89"]
[TimeControl "60"]

1. e4 e6 2. d4 d5 3. Nc3 Nf6 4. Bg5 dxe4 5. Nxe4 Be7 6. Bxf6 gxf6 7. Nf3 b6 8. c3 Bb7 9. Ng3 Nd7 10. Bc4 c6 11. Qd2 Qc7 12. O-O-O O-O-O 13. Qe2 Kb8 14. Rhe1 Rhg8 15. Kb1 Rde8 16. Qf1 Rg7 17. Ka1 f5 18. Nh5 Rgg8 19. Ne5 Nxe5 20. dxe5 c5 21. f3 Rd8 22. Qe2 Rxd1+ 23. Rxd1 Rd8 24. Rxd8+ Qxd8 25. Kb1 Bg5 26. Kc2 Kc7 27. Qd3 h6 28. Qxd8+ Kxd8 29. f4 Be7 30. Bf1 c4 31. b4 cxb3+ 32. axb3 Bc5 33. Kd2 a5 34. c4 Ke7 35. Nf6 Bc6 36. h3 Kf8 37. g4 fxg4 38. hxg4 Be7 39. Nh5 Ke8 40. Ke3 Kd8 41. Bd3 Bc5+ 42. Kd2 Ba3 43. Be2 Be4 44. Bd3 Bf3 45. Be2 1/2-1/2

[Event "56th Biel Festival MTO 2023"]
[White "Deuer,Marius"]
[Black "Stijve,Niels"]
[Site "Biel"]
[Round "1.39"]
[Annotator "ChessBase"]
[Result "1-0"]
[Date "2023.07.18"]
[WhiteElo "2374"]
[BlackElo "2088"]
[PlyCount "107"]
[TimeControl "60"]

1. d4 d5 2. c4 c6 3. Nf3 Nf6 4. Qc2 g6 5. Bf4 Bg7 6. e3 O-O 7. Nc3 Bf5 8. Qb3 b6 9. Ne5 e6 10. Be2 Nfd7 11. Nf3 Qe7 12. cxd5 exd5 13. O-O Nf6 14. h3 Qb7 15. Rac1 Nbd7 16. a4 Rac8 17. a5 Rfd8 18. g4 Be6 19. Ng5 c5 20. a6 Qc6 21. Nb5 c4 22. Qb4 Bf8 23. Bd6 Bxd6 24. Nxd6 Ra8 25. Nb5 Nb8 26. Nxe6 fxe6 27. Qa4 Qd7 28. b3 Nc6 29. bxc4 Ne4 30. cxd5 exd5 31. Nc7 Qxc7 32. Qxc6 Qxc6 33. Rxc6 Rac8 34. Rfc1 Nd6 35. Bf3 Rxc6 36. Bxd5+ Nf7 37. Bxf7+ Kxf7 38. Rxc6 Rd7 39. Kf1 Re7 40. d5 Re5 41. Rc7+ Kf6 42. Rxa7 Rxd5 43. Rxh7 Ra5 44. a7 Ra2 45. Rb7 b5 46. Kg2 b4 47. Rxb4 Rxa7 48. Rb6+ Kg7 49. Kg3 Ra4 50. h4 Ra5 51. Kf4 Rc5 52. Rb7+ Kf6 53. g5+ Ke6 54. Rg7 1-0

[Event "56th Biel Festival MTO 2023"]
[White "Matsumura,Cocoro"]
[Black "Pham,Le Thao Nguyen"]
[Site "Biel"]
[Round "1.40"]
[Annotator "ChessBase"]
[Result "1-0"]
[Date "2023.07.18"]
[WhiteElo "2081"]
[BlackElo "2369"]
[PlyCount "75"]
[TimeControl "60"]

1. e4 c6 2. d4 d5 3. e5 Bf5 4. h4 h5 5. c4 e6 6. Nc3 Ne7 7. Nge2 dxc4 8. Ng3 Na6 9. Bxc4 Nb4 10. O-O Bc2 11. Qe2 Bg6 12. Bg5 Qd7 13. Rad1 Nbd5 14. Nge4 Bxe4 15. Nxe4 Nf5 16. Ng3 Nxg3 17. fxg3 Be7 18. Bc1 f5 19. exf6 Bxf6 20. Rf5 O-O-O 21. Rxh5 Rxh5 22. Qxh5 Nb6 23. Bb3 Bxd4+ 24. Kh1 e5 25. Rf1 Kb8 26. Bg5 Rc8 27. Rf7 Qe8 28. Qg6 c5 29. Qd6+ Ka8 30. Rxg7 Qb5 31. Rf7 Qd3 32. Rf8 Qb1+ 33. Kh2 Qg1+ 34. Kh3 Qh1+ 35. Kg4 Qxg2 36. Be6 Qe4+ 37. Kh5 Qh7+ 38. Bh6 1-0

[Event "56th Biel Festival MTO 2023"]
[White "Dotzer,Lukas"]
[Black "Erne,Raphael"]
[Site "Biel"]
[Round "1.41"]
[Annotator "ChessBase"]
[Result "1/2-1/2"]
[Date "2023.07.18"]
[WhiteElo "2369"]
[BlackElo "2077"]
[PlyCount "124"]
[TimeControl "60"]

1. e4 c6 2. d4 d5 3. Nc3 dxe4 4. Nxe4 Bf5 5. Ng3 Bg6 6. h4 h6 7. Nf3 e6 8. Ne5 Bh7 9. Bc4 Nf6 10. Qe2 Nd5 11. c3 Nd7 12. Nh5 Nxe5 13. Qxe5 Nf6 14. Nxf6+ Qxf6 15. Qxf6 gxf6 16. h5 Be4 17. f3 Bd5 18. Bd3 c5 19. Bb5+ Kd8 20. c4 a6 21. cxd5 axb5 22. dxe6 fxe6 23. dxc5 Bxc5 24. Rh4 Ke7 25. Bd2 e5 26. Bb4 b6 27. a3 Ke6 28. Rc1 Rac8 29. Bd2 Rcd8 30. Rg4 Rhg8 31. b4 Rxg4 32. fxg4 Bf8 33. Rc6+ Rd6 34. Rxd6+ Kxd6 35. Be3 Ke6 36. Bxb6 f5 37. gxf5+ Kxf5 38. Bc5 Bg7 39. Kd2 Ke4 40. Be3 Bf8 41. Ke2 Kf5 42. Bf2 Be7 43. Bc5 Bg5 44. Be3 Kg4 45. Bxg5 Kxg5 46. Ke3 Kxh5 47. Ke4 Kg4 48. Kxe5 Kg3 49. a4 bxa4 50. Kd4 a3 51. Kc3 a2 52. Kb2 Kxg2 53. b5 h5 54. b6 h4 55. b7 h3 56. b8=Q h2 57. Qg8+ Kh1 58. Qxa2 Kg1 59. Qb1+ Kg2 60. Qe4+ Kg1 61. Kc3 h1=Q 62. Qxh1+ Kxh1 1/2-1/2

[Event "56th Biel Festival MTO 2023"]
[White "Monteverde,Jonathan"]
[Black "Sukandar,Irine Kharisma"]
[Site "Biel"]
[Round "1.42"]
[Annotator "ChessBase"]
[Result "0-1"]
[Date "2023.07.18"]
[WhiteElo "2074"]
[BlackElo "2358"]
[PlyCount "114"]
[TimeControl "60"]

1. d4 Nf6 2. c4 e6 3. Nc3 Bb4 4. Qc2 d5 5. cxd5 exd5 6. Bg5 h6 7. Bh4 c5 8. dxc5 O-O 9. a3 Bxc5 10. e3 Be6 11. Nf3 Nbd7 12. Be2 Rc8 13. O-O Be7 14. Qd1 a6 15. Nd4 b5 16. Bd3 Ne5 17. Bb1 Qd7 18. f4 Bg4 19. Qc2 Ng6 20. Bxf6 Bxf6 21. h3 Bxh3 22. gxh3 Qxh3 23. Rf3 Qg4+ 24. Qg2 Qxg2+ 25. Kxg2 Nh4+ 26. Kf2 Nxf3 27. Kxf3 Bxd4 28. exd4 Rc4 29. Ke3 Re8+ 30. Kd3 Re1 31. Kd2 Re6 32. Kd3 Rg6 33. Nxd5 Rg1 34. Nc3 h5 35. a4 Rc8 36. axb5 axb5 37. Ra5 b4 38. Nd5 Rb8 39. Ne7+ Kf8 40. Nc6 Rc8 41. Na7 Ra8 42. Bc2 h4 43. Bb3 Rg3+ 44. Kc2 Rg2+ 45. Kd3 Rxb2 46. Bd5 Re8 47. Nc6 Rf2 48. Be4 g6 49. Ke3 Rf1 50. Ne5 h3 51. Ra7 Re7 52. Ra8+ Kg7 53. d5 Re1+ 54. Kd3 h2 55. d6 Rd1+ 56. Kc2 Rxd6 57. Bf3 Rc7+ 0-1

[Event "56th Biel Festival MTO 2023"]
[White "Besou,Hussain"]
[Black "Coles,Robin"]
[Site "Biel"]
[Round "1.43"]
[Annotator "ChessBase"]
[Result "1-0"]
[Date "2023.07.18"]
[WhiteElo "2348"]
[BlackElo "2070"]
[PlyCount "67"]
[TimeControl "60"]

1. d4 d5 2. c4 e6 3. Nf3 Nf6 4. g3 Be7 5. Bg2 O-O 6. O-O c6 7. Qc2 b6 8. b3 Bb7 9. Bb2 Nbd7 10. Nc3 c5 11. cxd5 exd5 12. Rfd1 Re8 13. dxc5 bxc5 14. Nh4 Nb6 15. Nf5 Bf8 16. a4 a5 17. Nb5 g6 18. Ne3 Rb8 19. Nc4 Nxc4 20. bxc4 d4 21. e3 Bxg2 22. Kxg2 Qc8 23. exd4 cxd4 24. Bxd4 Qc6+ 25. f3 Bb4 26. Rac1 Ng4 27. Nc3 Bxc3 28. Qxc3 Re2+ 29. Kg1 Nxh2 30. Rd3 Qc7 31. Bf2 Rbe8 32. Rc2 Qe7 33. Kxh2 Qc5 34. Rxe2 1-0

[Event "56th Biel Festival MTO 2023"]
[White "Papaux,Steve"]
[Black "Rosen,Eric"]
[Site "Biel"]
[Round "1.44"]
[Annotator "ChessBase"]
[Result "1/2-1/2"]
[Date "2023.07.18"]
[WhiteElo "2064"]
[BlackElo "2344"]
[PlyCount "82"]
[TimeControl "60"]

1. d4 d5 2. c4 e6 3. Nf3 Nf6 4. g3 dxc4 5. Bg2 Bb4+ 6. Bd2 c5 7. Bxb4 cxb4 8. Qa4+ Nc6 9. Ne5 Bd7 10. Nxc6 Bxc6 11. Bxc6+ bxc6 12. Qxc6+ Nd7 13. O-O Rc8 14. Qa4 a5 15. a3 Qb6 16. axb4 axb4 17. Nd2 Qxd4 18. Qxb4 Rb8 19. Qc3 Qxc3 20. bxc3 Ke7 21. Rfd1 Nb6 22. Ra7+ Kf6 23. Ne4+ Kg6 24. h4 f6 25. Rd6 Nc8 26. h5+ Kh6 27. Rc7 Nxd6 28. Nxd6 Rhf8 29. g4 Rb2 30. Rc8 Rd2 31. Rxf8 Rxd6 32. Rc8 f5 33. f3 fxg4 34. fxg4 Kg5 35. Rxc4 e5 36. Kg2 Rd1 37. Re4 Rc1 38. c4 Rc3 39. Kf2 Kf6 40. Ke1 Ke6 41. Kd2 Rg3 1/2-1/2

[Event "56th Biel Festival MTO 2023"]
[White "Aarav Dengla"]
[Black "Prieb,Robert"]
[Site "Biel"]
[Round "1.45"]
[Annotator "ChessBase"]
[Result "1-0"]
[Date "2023.07.18"]
[WhiteElo "2343"]
[BlackElo "2060"]
[PlyCount "54"]
[TimeControl "60"]

1. e4 c5 2. Nf3 d6 3. d4 cxd4 4. Nxd4 Nf6 5. Nc3 a6 6. Bd3 e5 7. Nde2 Be7 8. O-O O-O 9. Ng3 Bg4 10. Qd2 Nbd7 11. h3 Be6 12. Nd5 Nc5 13. c4 Bxd5 14. exd5 Nxd3 15. Qxd3 Nd7 16. Nf5 Re8 17. Qa3 g6 18. Bh6 b5 19. Rac1 bxc4 20. Rxc4 Nb6 21. Rc6 Nxd5 22. Rd1 Qd7 23. Nxe7+ Nxe7 24. Rcxd6 Qb5 25. g4 Rab8 26. Rd7 Rb7 27. Rd8 f6 1-0

[Event "56th Biel Festival MTO 2023"]
[White "Pernutz,Hans-Gerhard"]
[Black "Huston,Gus"]
[Site "Biel"]
[Round "1.46"]
[Annotator "ChessBase"]
[Result "1/2-1/2"]
[Date "2023.07.18"]
[WhiteElo "2054"]
[BlackElo "2341"]
[PlyCount "81"]
[TimeControl "60"]

1. e4 c5 2. Nf3 d6 3. d4 cxd4 4. Nxd4 Nf6 5. Nc3 Nc6 6. Bc4 Qb6 7. Nb3 e6 8. O-O a6 9. a4 Be7 10. a5 Qc7 11. Be2 Bd7 12. f4 b5 13. axb6 Qxb6+ 14. Kh1 a5 15. Bf3 Rb8 16. Re1 h5 17. Be3 Qc7 18. Qe2 Ng4 19. Bg1 g5 20. Bxg4 hxg4 21. Nd5 Qd8 22. Nxe7 Qxe7 23. Qxg4 Rh4 24. Qxg5 Qxg5 25. fxg5 Rb5 26. Bf2 Rg4 27. h4 Rb4 28. Nxa5 Nxa5 29. Rxa5 Bc6 30. Kh2 Rxb2 31. Kh3 Rxe4 32. Rxe4 Bxe4 33. Bd4 Rxc2 34. Bf6 Rxg2 35. Ra4 Bd5 36. h5 Rg1 37. h6 e5 38. Ra7 Rh1+ 39. Kg3 Be6 40. Kf2 Bf5 41. Ra8+ 1/2-1/2

[Event "56th Biel Festival MTO 2023"]
[White "Sutter,Oliver"]
[Black "Hornung,Hans"]
[Site "Biel"]
[Round "1.47"]
[Annotator "TA"]
[Result "1-0"]
[Date "2023.07.18"]
[WhiteElo "2313"]
[BlackElo "2047"]
[PlyCount "75"]
[TimeControl "60"]

1. d4 Nf6 2. c4 c5 3. d5 e5 4. Nc3 d6 5. e4 Nbd7 6. g3 g6 {[%emt 0:0:0] A56: Czech Benoni.} 7. Bg2 a6 8. a4 Bg7 {[%emt 0:0:0] White is better.} 9. Nh3 O-O 10. O-O {[%emt 0:0:0] [#]} a5 $146 ({Predecessor:} 10... Ne8 11. Be3 b6 12. Qd2 Nc7 13. Bh6 Rb8 14. Bxg7 Kxg7 15. Qd3 Nf6 16. f4 Qe7 {0-1 Cumming,R (2253)-Tratar,M (2463) Pula op 33rd 2019 (5)} )11. f4 exf4 $1 12. gxf4 Nb6 13. Qd3 Ng4 14. Nb5 f5 15. Ng5 fxe4 16. Bxe4 Nf6 {[%emt 0:3:6] [#]} 17. Ne6 {[%emt 0:6:29] White has more active pieces.} (17. Bf3 $1 $16 )Bxe6 $11 18. dxe6 d5 ({Black should play} 18... Nxe4 $1 $11 19. Qxe4 d5 20. cxd5 Qxd5 )19. Bxd5 (19. Bg2 $1 $14 )Nfxd5 20. cxd5 Qxd5 21. Qxd5 Nxd5 22. Ra3 Rae8 23. Rd3 Nb4 24. Rd6 Nc6 25. Be3 Nd4 26. Bxd4 cxd4 {[%emt 0:1:22][%mdl 8192] [#] Black cannot hold the game after this.} (26... Bxd4+ $11 {and Black stays safe.} 27. Kg2 Re7 )27. Nc7 $1 $18 Rc8 28. Rd7 Bf6 29. e7 {[%emt 0:5:46] Against Rcd8} Bxe7 30. Rxe7 Rfd8 (30... d3 $142 31. Rd1 Rf7 32. Rxf7 Kxf7 )31. Ne6 Rd5 32. f5 ({Weaker is} 32. Rxb7 d3 $18 )gxf5 (32... Rxf5 $142 33. Rxf5 gxf5 34. Rxb7 d3 )33. Nf4 Rd6 34. Rf3 ({Don't do} 34. Rxb7 d3 $18 )Rc1+ 35. Kf2 {[%emt 0:0:36][%cal Of4e6] And now Ne6! would win.} Rc2+ 36. Re2 {[%emt 0:0:13] White is winning.} Rdc6 37. Rd3 Rxe2+ 38. Nxe2 {[%emt 0:0:51] Weighted Error Value: White=0.24 (precise) /Black=0.37} 1-0

[Event "56th Biel Festival MTO 2023"]
[White "Schnell,Simon"]
[Black "Nie,Xinyang"]
[Site "Biel"]
[Round "1.48"]
[Annotator "TA"]
[Result "0-1"]
[Date "2023.07.18"]
[WhiteElo "2029"]
[BlackElo "2288"]
[PlyCount "88"]
[TimeControl "60"]

1. d4 Nf6 2. c4 e6 3. Nc3 Bb4 4. e3 b6 5. Nge2 Bb7 6. a3 Be7 7. Nf4 {[%emt 0:0:0] [#] E44: Nimzo-Indian: Rubinstein: 4...b6 5 Ne2.} g5 $146 (7... O-O $11 {remains equal.} )({Predecessor:} 7... O-O 8. Bd3 d5 9. cxd5 exd5 10. b4 c5 11. bxc5 bxc5 12. dxc5 Nbd7 13. O-O Nxc5 14. Be2 Bd6 15. Nb5 Be5 16. Rb1 Nfe4 17. Bb2 Bxb2 18. Rxb2 {½-½ Izoria,Z (2599)-Nakamura,H (2781) PRO League Stage rapid 2018 (8)} )8. Nh5 d5 (8... Nxh5 $14 9. Qxh5 Bf6 )9. Nxf6+ $16 {[%emt 0:7:12] White is better.} (9. cxd5 {is more complex.} Nxd5 10. Qf3 Qd7 11. h4 )Bxf6 10. cxd5 exd5 11. Be2 Bg7 12. O-O O-O 13. Bf3 ({White should play} 13. f4 $16 )f5 14. Qb3 (14. b4 $5 )c6 15. e4 fxe4 16. Nxe4 h6 17. Be3 Nd7 (17... Rxf3 $5 18. gxf3 Qf8 $11 )18. Ng3 Nf6 19. Nh5 Bc8 20. Nxf6+ Rxf6 21. Be2 Bf5 22. a4 Re6 23. Bd3 Bxd3 24. Qxd3 Qe7 25. a5 {[%emt 0:0:30] [#] Threatens to win with axb6.} Re8 26. axb6 axb6 27. h3 Re4 28. Rfd1 Qd6 29. Rac1 R8e6 30. Qa3 Qd8 31. Ra1 Qf6 32. Qa8+ Kh7 {[%emt 0:1:33] ...g4 is the strong threat.} 33. Ra7 $2 {[%emt 0:3:36] [#]} (33. Qa4 $11 )g4 $1 $19 {[%emt 0:0:53] Hoping for ...gxh3.} ({Not} 33... Re7 34. Rxe7 Rxe7 35. Qa6 $11 )34. hxg4 (34. Qb8 gxh3 35. Qg3 )Rxg4 35. Qb7 Qg6 (35... Qf5 $142 {[%cal Og4g2] ( -> ...Rxg2+!)} 36. f3 Rgg6 )36. Qxg7+ Qxg7 37. Rxg7+ Rxg7 {[%emt 0:0:6][%mdl 4096] Endgame KRR-KRB} 38. Ra1 h5 39. g3 (39. Kh2 $142 )h4 40. Bf4 hxg3 41. fxg3 (41. Be5 {is a better defense.} gxf2+ 42. Kxf2 Rf7+ 43. Ke2 )Re2 {[%emt 0:0:0] Black is clearly winning.} 42. b3 Rb2 43. Rc1 (43. Bd6 $142 )Ra7 44. Kf1 Raa2 {[%emt 0:0:0] Weighted Error Value: White=0.52/Black=0.20 (precise)} 0-1